 Dungeon Crawl Stone Soup version bcrawl-1.38b (webtiles) character file.

Game seed: 9613142784289006037

14457386 yrara the Executioner (level 19, -5/178 HPs)
             Began as a Demonspawn Fighter on Mar 21, 2023.
             Was an Initiate of Gozag.
             Killed from afar by an eye of devastation (32 damage)
             ... with a lance of force
             ... in a wizard's laboratory.
             The game lasted 00:37:19 (27432 turns).

yrara the Executioner (Demonspawn Fighter)         Turns: 27432, Time: 00:37:20

Health: -5/178     AC:  6    Str: 21    XL:     19   Next: 68%
Magic:  19/19      EV: 17    Int: 15    God:    Gozag
Gold:   339        SH:  5    Dex: 30    Spells: 18/18 levels left

rFire    + . .     GDR:     44% a - +8 battleaxe of Mujuomurphaj {elec, rElec MR+++ MP-9 Dex+3}
rCold    + + +     SeeInvis .   (shield currently unavailable)
rNeg     . . .     Gourm    .   z - +4 plate armour of a Hundred Spirits {rElec Regen+ Dex+7}
rPois    +         Faith    .   (helmet restricted)
rElec    +         Spirit   .   o - +2 cloak {MR+}
rCorr    .         Reflect  +   N - +2 pair of gloves
MR       +++++                  (boots unavailable)
Stlth    ..........             F - amulet of Jeamoac {Reflect rF+ rC+ MP+9 Int+3 SH+5}
HPRegen  0.79/turn              L - +5 ring of evasion
MPRegen  0.16/turn              R - ring of Idipuple {rPois EV+2 Dex+4}

@: corroded, gold aura
A: horns 1, talons 3, iridescent scales 3, clever 1, cold resistance 2, deformed
body, robust 2, spiny 2, freezing cloud immunity
}: 2/15 runes: serpentine, gossamer
a: Potion Petition, Call Merchant, Bribe Branch, Renounce Religion


You were in a wizard's laboratory.
You worshipped Gozag.
Gozag was aware of your devotion.
You were not hungry.

You visited 7 branches of the dungeon, and saw 27 of its levels.
You also visited: Bailey and Wizlab.

You collected 12932 gold pieces.
You spent 7163 gold pieces at shops.
You paid 5430 gold pieces to Gozag.

Inventory:

Hand Weapons
 a - the +8 battleaxe of Mujuomurphaj (weapon) {elec, rElec MR+++ MP-9 Dex+3}
   (You bought it in a shop on level 2 of the Lair of Beasts)

   Occasionally, upon striking a foe, it will discharge some electrical energy
   and cause terrible harm.
   It affects your dexterity (+3).
   It insulates you from electricity.
   It affects your resistance to hostile enchantments.
   It affects your magic capacity (-9).
 b - a +5 longbow of velocity
 J - a +1 morningstar of freezing
Missiles
 t - 5866 arrows
 H - 5 throwing nets {=f}
Armour
 o - a +2 cloak of magic resistance (worn)
 z - the +4 plate armour of a Hundred Spirits (worn) {rElec Regen+ Dex+7}
   (You bought it in a shop in the Orcish Mines)

   It affects your dexterity (+7).
   It insulates you from electricity.
   It increases your rate of regeneration.
 N - a +2 pair of gloves (worn)
 Y - +0 gold dragon scales
Jewellery
 i - the ring "Joimuck" {rN+ Stlth--}
   (You found it on level 1 of the Snake Pit)

   [ring of attention]

   It protects you from negative energy.
   It makes you much less stealthy.
 q - an uncursed ring of magical power
 r - a +4 ring of protection
 C - an uncursed ring of see invisible
 F - the amulet of Jeamoac (around neck) {Reflect rF+ rC+ MP+9 Int+3 SH+5}
   (You bought it in a shop on level 5 of the Dungeon)

   [amulet of reflection]

   It shields you and reflects attacks.
   It affects your intelligence (+3).
   It protects you from fire.
   It protects you from cold.
   It affects your magic capacity (+9).
   It affects your SH (+5).
 L - a +5 ring of evasion (left hand)
 M - an uncursed ring of protection from fire
 R - the ring of Idipuple (right hand) {rPois EV+2 Dex+4}
   (You acquired it on level 12 of the Dungeon)

   [ring of evasion]

   It affects your evasion (+2).
   It affects your dexterity (+4).
   It protects you from poison.
 T - the ring "Cuick" {+Fly Stlth+}
   (You found it on level 6 of the Lair of Beasts)

   [ring of flight]

   It lets you fly.
   It makes you more stealthy.
 U - an uncursed ring of resist corrosion
 X - an uncursed amulet of regeneration
Wands
 j - a wand of disintegration (48)
 m - a wand of polymorph (41)
 v - a wand of acid (14)
 y - a wand of charming (14)
 A - a wand of scattershot (10)
 G - a wand of paralysis (7)
 I - a wand of flame (9)
 O - a wand of random effects (30)
 V - a wand of digging (11)
 W - a wand of iceblast (7)
Scrolls
 c - a scroll of enchant armour
 g - 3 scrolls of blinking
 l - a scroll of fog
 u - 8 scrolls of teleportation
 w - 13 scrolls of remove curse
 E - 6 scrolls of amnesia
 P - 3 scrolls of fear
 Q - 4 scrolls of magic mapping
Potions
 d - 4 potions of might
 f - 9 potions of agility
 h - 7 potions of haste
 k - 2 potions of mutation
 n - 4 potions of heal wounds
 p - 10 potions of curing
 s - a potion of flight
 x - 3 potions of cancellation
 B - 2 potions of invisibility
 D - a potion of berserk rage
 K - 5 potions of ambrosia
 S - a potion of resistance
 Z - 3 potions of brilliance
Comestibles
 e - 38 rations {!d}


   Skills:
 + Level 13.0 Fighting
 * Level 23.3 Axes
 + Level 0.3(16.0) Maces & Flails
 * Level 12.5 Bows
 + Level 10.0 Armour
 + Level 3.2 Dodging
 + Level 3.9 Stealth
   Level 2.6 Shields
 + Level 0.1 Unarmed Combat


You had 18 spell levels left.
You didn't know any spells.
Your spell library contained the following spells:

 Spells                   Type           Power        Failure   Level  Hunger
 Apportation              Tloc           #.....       99%         1    None
 Corona                   Hex            #......      99%         1    None
 Flame Tongue             Conj/Fire      #....        99%         1    None
 Infusion                 Chrm           #.......     99%         1    None
 Magic Dart               Conj           #...         99%         1    None
 Sandblast                Erth           #.....       99%         1    None
 Slow                     Hex            #.......     99%         1    None
 Sting                    Conj/Pois      #...         99%         1    None
 Summon Butterflies       Summ           #.......     99%         1    None
 Summon Small Mammal      Summ           #...         99%         1    None
 Blink                    Tloc           N/A          99%         2    ####...
 Call Imp                 Summ           #.....       99%         2    ####...
 Flaming Arrows           Chrm/Fire      #.......     99%         2    ####...
 Passwall                 Tmut/Erth      #.......     99%         2    ####...
 Poisonous Vapours        Pois/Air       #.....       99%         2    ####...
 Sublimation of Blood     Necr           #.........   99%         2    ####...
 Swiftness                Chrm/Air       #.......     99%         2    ####...
 Beckoning                Tloc           #.........   100%        3    #####..
 Call Canine Familiar     Summ           #.......     100%        3    #####..
 Conjure Flame            Conj/Fire      #.......     100%        3    #####..
 Ignite Poison            Fire/Tmut/Pois #.......     100%        3    #####..
 Inner Flame              Hex/Fire       N/A          100%        3    #####..
 Mephitic Cloud           Conj/Pois/Air  #.......     100%        3    #####..
 Spider Form              Tmut/Pois      #..          100%        3    #####..
 Stone Arrow              Conj/Erth      #.....       100%        3    #####..
 Tukima's Dance           Hex            #.......     100%        3    #####..
 Olgreb's Toxic Radiance  Pois           #........    100%        4    ######.
 Petrify                  Tmut/Erth      #.........   100%        4    ######.
 Sticky Flame             Conj/Fire      #.......     100%        4    ######.
 Summon Ice Beast         Ice/Summ       #.......     100%        4    ######.
 Summon Scorpions         Summ/Pois      #.......     100%        4    ######.
 Yara's Violent Unravell  Hex/Tmut       #.........   100%        4    ######.
 Fireball                 Conj/Fire      #.........   100%        5    #######
 Freezing Cloud           Ice/Air        #.......     100%        5    #######
 Lee's Rapid Deconstruct  Erth           #.........   100%        5    #######
 Metabolic Englaciation   Hex/Ice        #.........   100%        5    #######
 Passage of Golubria      Tloc           N/A          100%        5    #######
 Steam Barrier            Chrm/Fire      #.........   100%        5    #######
 Summon Lightning Spire   Summ/Air       #.......     100%        5    #######
 Summon Mana Viper        Hex/Summ       #.......     100%        5    #######
 Venom Bolt               Conj/Pois      #.........   100%        5    #######
 Bolt of Cold             Conj/Ice       #.........   100%        6    #######
 Darkness                 Hex            #.........   100%        6    #######
 Deflect Missiles         Chrm/Air       #.........   100%        6    #######
 Infestation              Hex/Tmut/Pois  #........    100%        6    #######
 Invisibility             Hex            #.......     100%        6    #######
 Ozocubu's Refrigeration  Ice            #.........   100%        6    #######
 Simulacrum               Ice/Necr       #.......     100%        6    #######
 Ignition                 Fire           #.........   100%        8    #######


Dungeon Overview and Level Annotations

Branches:
Dungeon (12/12) Temple (1/1) D:6 Lair (6/6) D:9 Snake (3/3) Lair:2 Spider (3/3) Lair:2 Slime (0/5) Lair:5 Orc (1/1) D:9 Elf (1/3) Orc Vaults (0/3) D:10 D:11 Depths (0/5) D:12

Altars:
Ashenzari
Cheibriados
Dithmenos
Fedhas
Gozag
Hepliaklqana
Kikubaaqudgha
Lugonu
Makhleb
Nemelex Xobeh
Okawaru
Qazlal
Ru
Sif Muna
Trog
Uskayaw
Vehumet
Wu Jian
Xom
Yredelemnul
Jiyva

Shops:
D:5 (=*   D:7 [(   D:10 *   Orc ?(!([   Elf:1 !   Lair:2 ([   Lair:5 ?
Lair:6 [   Snake:2 }=}   Snake:3 =   Spider:1 (   Spider:2 (

Portals:
Trove: D:12 (show slimy rune of Zot)

Annotations:
Lair:2 2 transporters, yrara's ghost, journeyman DsFi WizLab 1 transporter, exclusion: orange crystal statue


Innate Abilities, Weirdness & Mutations

You have claws for feet.
You are completely covered in iridescent scales. (AC +6)
Your flesh is very cold resistant. (rC++)
You are very robust. (+20% HP)
You are mostly covered in sharp spines.
You are immune to freezing clouds.
You have a pair of small horns on your head.
Your mind is acute. (Int +2)
Armour fits poorly on your strangely shaped body.


Message History

You are knocked back by the lance of force.
The eye of devastation blinks!
You feel much better. The eye of devastation gazes at you.
The lance of force misses you. The eye of devastation gazes at you.
The lance of force hits you!!
* * * LOW HITPOINT WARNING * * *
You are knocked back by the lance of force.
The eye of devastation blinks!
A starcursed mass splits.
You hit the eye of devastation but do no damage.
You claw the eye of devastation, but do no damage.
You headbutt the eye of devastation, but do no damage.
The eye of devastation is almost dead.
You hit the demonic plant but do no damage.
The eye of devastation gazes at you. The lance of force hits you!!
You die...
Your body crumbles into a pile of gold.

# :..... ###2..####
..#####..# .........##
..........######
.#.###.#...+....## .
...........+.....## ..#..
###...###.#####.GP# .....#
#P#'''#P###...##@.##...#.#
.........#.!..X#...#.....#
(........#!P.PXX......#..#
###...####....X#$..#.....8
..#...#..#....!#.........#
.........#P!P..#...#.....#
.##...##.##...##..##...#.#
.#....?#..#####..P# .....#
...........'.....## .#..#


You could see 4 starcursed masses and an eye of devastation.

Vanquished Creatures
  Nikola (Snake:2)
  2 tentacled starspawn (WizLab)
  Kirke (Lair:5)
  16 nagarajas
  4 azure jellies (Lair:5)
  Aizul (Snake:1)
  7 emperor scorpions
  3 ghost moths (Spider:3)
  2 stone giants (WizLab)
  A cacodemon (WizLab)
  2 very ugly things (WizLab)
  3 eyes of devastation (WizLab)
  A deep elf annihilator (Elf:1)
  2 dire elephants (Lair:6)
  A deep elf death mage (Elf:1)
  A spark wasp (Spider:2)
  Urug (Lair:1)
  A rakshasa (Snake:3)
  9 hydras
  Harold (D:8)
  Erolcha (D:12)
  Erica (Lair:1)
  23 naga warriors
  Sonja (D:11)
  2 great orbs of eyes (WizLab)
  6 death yaks
  3 anacondas
  17 two-headed ogres
  A tengu warrior (D:12)
  A death knight (D:10)
  4 ogre magi (Orc)
  2 spectral dire elephants (Lair:6)
  9 shock serpents
  18 naga sharpshooters
  A sea snake (Snake:1)
  2 centaur warriors
  2 deep elf knights (Elf:1)
  A spectral death yak (Lair:6)
  A spectral anaconda (Lair:6)
  5 skeletal warriors (D:11)
  A wretched star (WizLab)
  4 salamander mystics
  4 glowing orange brains (WizLab)
  The ghost of polpettosauro the Magician, a novice AvAE of Uskayaw (D:6)
  7 naga ritualists
  A deep elf archer (Elf:1)
  An obsidian statue (Lair:6)
  3 orc knights
  An orange crystal statue (Spider:2)
  Pikel (D:8)
  3 necromancers (Lair:6)
  2 wolf spider zombies
  7 orb spiders
  16 wolf spiders
  8 deep elf magi
  5 mana vipers
  9 ugly things
  An oklob plant (Snake:2)
  A cyclops (D:12)
  A manticore (D:11)
  26 salamanders
  A salamander (shapeshifter) (D:11)
  A moth of wrath (Spider:2)
  7 elephants (Lair:6)
  A dire elephant zombie (Lair:6)
  35 black mambas
  7 torpor snails
  A guardian serpent (shapeshifter) (D:12)
  15 naga magi
  13 cane toads
  7 guardian serpents
  A kobold demonologist (D:11)
  19 jumping spiders
  9 demonic crawlers
  A komodo dragon (shapeshifter) (D:12)
  7 komodo dragons
  An eye of draining (D:10)
  A tengu conjurer (D:12)
  7 trolls
  A troll (shapeshifter) (D:12)
  A merfolk (shapeshifter) (D:12)
  A queen bee (Spider:1)
  Maurice (D:8)
  3 meliai (Spider:1)
  2 dream sheep (D:12)
  6 hornets
  4 blink frogs (Lair:5)
  2 harpy skeletons
  2 spectral elephants (Lair:6)
  12 hippogriffs
  3 slime creatures (D:12)
  A shadow (D:10)
  The ghost of pecorinoman the Cudgeler, an amateur OgSk (D:3)
  26 tarantellas
  A dire elephant simulacrum (Lair:6)
  4 basilisks
  36 yaks
  A wyvern (Lair:1)
  2 hogs (Lair:5)
  A death yak simulacrum (Lair:6)
  16 humans
  2 hungry ghosts
  A neqoxec (WizLab)
  29 redbacks
  A steam dragon (Lair:6)
  A warg (Orc)
  An acid dragon (Lair:4)
  5 spectral cane toads (Lair:6)
  62 nagas
  5 crocodiles
  8 porcupines
  6 water moccasins
  3 ice beasts
  18 orc warriors
  A cane toad skeleton (D:10)
  4 sky beasts
  2 slaves (D:8)
  2 black bears
  A necrophage (D:4)
  4 boggarts (D:12)
  An elephant zombie (Lair:6)
  31 ogres
  2 phantoms
  3 elephant skeletons (Lair:6)
  13 wolves
  5 kobold brigands
  20 bullfrogs
  Blork the orc (D:6)
  6 centaurs
  3 cane toad simulacra (Lair:6)
  A water moccasin skeleton (D:8)
  6 scorpions
  2 elephant simulacra (Lair:6)
  27 killer bees
  23 wights
  5 electric eels
  2 howler monkeys
  13 orc priests
  6 crimson imps
  3 jellies
  A bullfrog zombie (D:5)
  2 hounds
  Crazy Yiuf (D:3)
  2 gnoll shamans
  An iguana (D:4)
  22 orc wizards
  Jessica (D:3)
  Ijyb (D:3)
  Terence (D:3)
  7 worker ants
  A killer bee zombie (D:6)
  4 hound skeletons
  A howler monkey zombie (D:3)
  4 gnolls
  A worker ant zombie (D:7)
  2 howler monkey skeletons
  11 adders
  A river rat (Lair:6)
  7 shadow imps
  An adder zombie (D:6)
  2 adder skeletons
  7 worms
  2 dart slugs (D:3)
  6 leopard geckos
  55 orcs
  3 ball pythons
  6 giant cockroaches
  3 goblins
  9 hobgoblins
  9 jackals
  18 kobolds
  2 quokkas
  5 bats
  A frilled lizard (D:4)
  A jackal skeleton (D:4)
  A quokka skeleton (D:4)
  6 rats
  A fungus (Lair:6)
  5 plants
  4 starspawn tentacles (WizLab)
  4 withered plants (Lair:6)
1076 creatures vanquished.

Vanquished Creatures (others)
  9 dancing weapons
  A naga sharpshooter (Snake:3)
  A naga mage (Snake:2)
  2 slaves (D:8)
  An adder (D:5)
  4 fungi (Lair:6)
  5 plants
  A starspawn tentacle (WizLab)
  10 withered plants (Lair:6)
34 creatures vanquished.

Grand Total: 1110 creatures vanquished

Notes
Turn   | Place    | Note
-------+----------+-------------------------------------------
     0 | D:1      | yrara the Demonspawn Fighter began the quest for the Orb.
     0 | D:1      | Reached XP level 1. HP: 18/18 MP: 1/1
   241 | D:1      | Reached skill level 2 in Axes
   255 | D:1      | Gained mutation: You are partially covered in sharp spines.
                  | [demonic ancestry]
   255 | D:1      | Reached XP level 2. HP: 24/24 MP: 2/2
   501 | D:2      | Gained mutation: You are partially covered in iridescent
                  | scales. (AC +2) [demonic ancestry]
   501 | D:2      | Reached XP level 3. HP: 29/29 MP: 3/3
   738 | D:2      | Reached skill level 3 in Axes
  1145 | D:3      | Noticed Terence
  1159 | D:3      | Killed Terence
  1160 | D:3      | Gained mutation: You are mostly covered in iridescent
                  | scales. (AC +4) [demonic ancestry]
  1160 | D:3      | Reached XP level 4. HP: 29/35 MP: 4/4
  1185 | D:3      | Found a transporter.
  1194 | D:3      | Found a transporter.
  1195 | D:3      | Noticed pecorinoman's ghost (amateur OgSk)
  1384 | D:3      | Reached skill level 4 in Axes
  1442 | D:3      | Noticed Ijyb
  1512 | D:3      | Killed Ijyb
  1513 | D:3      | Reached XP level 5. HP: 36/41 MP: 5/5
  1513 | D:3      | Found a snail-covered altar of Cheibriados.
  1596 | D:3      | Noticed Jessica
  1613 | D:3      | Killed Jessica
  1695 | D:3      | Got a slimy copper ring
  1699 | D:3      | Identified the ring of Sif Muna's Envy {+Inv +Fly} (You
                  | found it on level 3 of the Dungeon)
  1862 | D:3      | Found a runed door.
  1996 | D:3      | Reached skill level 5 in Axes
  1996 | D:3      | Gained mutation: You are completely covered in iridescent
                  | scales. (AC +6) [demonic ancestry]
  1996 | D:3      | Reached XP level 6. HP: 47/47 MP: 6/6
  1997 | D:3      | Killed pecorinoman's ghost
  1998 | D:3      | Reached skill level 1 in Dodging
  2111 | D:3      | Noticed Crazy Yiuf
  2117 | D:3      | Killed Crazy Yiuf
  2251 | D:4      | Reached skill level 6 in Axes
  2263 | D:4      | Gained mutation: Your flesh is cold resistant. (rC+)
                  | [demonic ancestry]
  2263 | D:4      | Reached XP level 7. HP: 53/53 MP: 7/7
  2452 | D:4      | Reached skill level 7 in Axes
  3002 | D:5      | Entered Level 5 of the Dungeon
  3009 | D:5      | Gained mutation: You are immune to freezing clouds.
                  | [demonic ancestry]
  3009 | D:5      | Reached XP level 8. HP: 60/60 MP: 8/8
  3020 | D:5      | Reached skill level 8 in Axes
  3048 | D:5      | Found Lasor's Antique Weapon Emporium.
  3069 | D:5      | Found Qeon's Jewellery Shoppe.
  3076 | D:5      | Bought a battleaxe for 156 gold pieces
  3085 | D:5      | Found a radiant altar of Vehumet.
  3265 | D:5      | Reached skill level 9 in Axes
  3344 | D:5      | Found Riarott's General Store.
  3650 | D:5      | Gained mutation: Your flesh is very cold resistant. (rC++)
                  | [potion of mutation]
  3650 | D:5      | Gained mutation: You have a pair of small horns on your
                  | head. [potion of mutation]
  3650 | D:5      | Gained mutation: Your mind is acute. (Int +2) [potion of
                  | mutation]
  3821 | D:6      | Found a runed gate.
  3821 | D:6      | Found a runed gate.
  3821 | D:6      | Found a runed gate.
  3821 | D:6      | Noticed polpettosauro's ghost (novice AvAE)
  3823 | D:6      | Found a basalt altar of Yredelemnul.
  4051 | D:6      | Noticed Blork the orc
  4053 | D:6      | Found a stormy altar of Qazlal.
  4057 | D:6      | Killed Blork the orc
  4059 | D:6      | Found a shimmering altar of Xom.
  4067 | D:6      | Found a shattered altar of Ashenzari.
  4171 | D:6      | Found a staircase to the Ecumenical Temple.
  4186 | Temple   | Entered the Ecumenical Temple
  4339 | D:6      | Reached skill level 1 in Stealth
  4609 | D:6      | Gained mutation: You have sharp toenails. [demonic
                  | ancestry]
  4609 | D:6      | Reached XP level 9. HP: 66/66 MP: 9/9
  4750 | D:6      | Killed polpettosauro's ghost
  4751 | D:6      | Reached skill level 10 in Axes
  4751 | D:6      | Reached skill level 1 in Bows
  5206 | D:7      | Found an opulent altar of Gozag.
  5206 | D:7      | Found a sparkling altar of Nemelex Xobeh.
  5316 | D:7      | Found Wobli's Antique Weapon Shoppe.
  5452 | D:7      | Found a glowing silver altar of Zin.
  5578 | D:7      | Became a worshipper of Gozag Ym Sagoz the Greedy
  5710 | D:8      | Found a basalt altar of Yredelemnul.
  5882 | D:8      | Noticed Pikel
  5894 | D:8      | Noticed a two-headed ogre
  5895 | D:8      | Killed Pikel
  5896 | D:8      | Reached skill level 11 in Axes
  6093 | D:8      | Gained mutation: You are robust. (+10% HP) [demonic
                  | ancestry]
  6093 | D:8      | Reached XP level 10. HP: 66/80 MP: 10/10
  6122 | D:8      | Killed a two-headed ogre
  6123 | D:8      | Reached skill level 5 in Fighting
  6123 | D:8      | Reached skill level 5 in Armour
  6266 | D:8      | Found a hazy altar of Hepliaklqana.
  6303 | D:8      | Noticed Harold
  6321 | D:8      | Killed Harold
  6322 | D:8      | Reached skill level 12 in Axes
  6581 | D:8      | Noticed Maurice
  6590 | D:8      | Killed Maurice
  6734 | D:8      | Found an iron altar of Okawaru.
  6821 | D:8      | Found an ornate altar of the Wu Jian Council.
  6821 | D:8      | Found a shadowy altar of Dithmenos.
  7270 | D:9      | Reached XP level 11. HP: 87/88 MP: 11/11
  7272 | D:9      | Reached skill level 13 in Axes
  7342 | D:9      | Found a flagged portal.
  7351 | Bailey   | Entered a bailey
  7704 | Bailey   | Found a bloodstained altar of Trog.
  7865 | D:9      | Found a staircase to the Lair.
  8100 | D:9      | Found a staircase to the Orcish Mines.
  8237 | D:9      | Reached skill level 5 in Bows
  8831 | D:5      | Bought the amulet of Jeamoac {Reflect rF+ rC+ MP+9 Int+3
                  | SH+5} for 993 gold pieces
  8893 | D:7      | Bought a pair of heavily runed boots for 256 gold pieces
  8894 | D:7      | Bought a longbow for 135 gold pieces
  8900 | D:7      | Identified the +0 pair of boots of Trog's Hope {Regen+
                  | SInv} (You bought it in a shop on level 7 of the Dungeon)
  8957 | D:10     | Entered Level 10 of the Dungeon
  8957 | D:10     | Found Matregar's General Store.
  9193 | D:10     | Got a distressingly furry robe
  9257 | D:10     | Noticed a green ugly thing
  9263 | D:10     | Killed a green ugly thing
  9349 | D:10     | Reached skill level 14 in Axes
  9765 | Lair:1   | Entered Level 1 of the Lair of Beasts
  9813 | Lair:1   | Noticed Urug
  9826 | Lair:1   | Killed Urug
  9827 | Lair:1   | Reached XP level 12. HP: 83/97 MP: 12/12
  9933 | Lair:1   | Noticed Erica
  9944 | Lair:1   | Killed Erica
 10259 | Lair:1   | Found a snail-covered altar of Cheibriados.
 10350 | Lair:1   | Noticed a four-headed hydra
 10359 | Lair:1   | Killed a four-headed hydra
 10930 | Lair:2   | Noticed yrara's ghost (journeyman DsFi)
 10939 | Lair:2   | Found a transporter.
 10990 | Lair:2   | Found a transporter.
 11026 | Lair:2   | Bought a fading battleaxe for 195 gold pieces
 11026 | Lair:2   | Identified the +8 battleaxe of Mujuomurphaj {elec, rElec
                  | MR+++ MP-9 Dex+3} (You bought it in a shop on level 2 of
                  | the Lair of Beasts)
 11223 | Lair:2   | Found a hole to the Spider Nest.
 11442 | Lair:2   | Found a staircase to the Snake Pit.
 11551 | Lair:2   | Reached skill level 15 in Axes
 11912 | Lair:3   | Noticed a seven-headed hydra
 11921 | Lair:3   | Killed a 13-headed hydra
 12453 | Lair:4   | Noticed a four-headed hydra
 12464 | Lair:4   | Killed a nine-headed hydra
 12584 | Lair:4   | Noticed a death yak
 12584 | Lair:4   | Noticed a death yak
 12584 | Lair:4   | Noticed a death yak
 12584 | Lair:4   | Noticed a death yak
 12593 | Lair:4   | Killed a death yak
 12600 | Lair:4   | Killed a death yak
 12601 | Lair:4   | Gained mutation: You are very robust. (+20% HP) [demonic
                  | ancestry]
 12601 | Lair:4   | Reached XP level 13. HP: 98/116 MP: 13/13
 13468 | Lair:5   | Noticed Kirke
 13486 | Lair:5   | Killed Kirke
 13487 | Lair:5   | Reached skill level 16 in Axes
 13992 | Lair:5   | Found a runed door.
 13992 | Lair:5   | Found a viscous altar of Jiyva.
 13992 | Lair:5   | Noticed an azure jelly
 13993 | Lair:5   | Found a staircase to the Slime Pits.
 13993 | Lair:5   | Noticed an azure jelly
 13993 | Lair:5   | Noticed an azure jelly
 13993 | Lair:5   | Noticed an azure jelly
 14253 | Lair:5   | Killed an azure jelly
 14260 | Lair:5   | Killed an azure jelly
 14266 | Lair:5   | Killed an azure jelly
 14267 | Lair:5   | Reached skill level 17 in Axes
 14269 | Lair:5   | Killed an azure jelly
 14362 | Lair:6   | Entered Level 6 of the Lair of Beasts
 14446 | Lair:6   | Got a fine platinum ring
 14717 | Lair:6   | Reached XP level 14. HP: 115/126 MP: 14/14
 15136 | Lair:6   | Reached skill level 18 in Axes
 15407 | Lair:6   | Identified the ring "Cuick" {+Fly Stlth+} (You found it on
                  | level 6 of the Lair of Beasts)
 15677 | Lair:6   | Identified the Handbook of Beguiling and Earth
 15982 | Orc      | Entered the Orcish Mines
 16118 | Orc      | Found a staircase to the Elven Halls.
 16302 | Orc      | Found a bloodstained altar of Trog.
 16369 | Orc      | Reached skill level 19 in Axes
 16505 | Orc      | Found Feagoif's Armour Boutique.
 16540 | Orc      | Reached XP level 15. HP: 113/132 MP: 15/15
 16627 | Orc      | Found Qasic's Antique Weapon Shoppe.
 16627 | Orc      | Found Oneoridy's Weapon Boutique.
 16630 | Orc      | Found Sitosk's Magic Scroll Shop.
 16630 | Orc      | Found Kukuatha's Distillery.
 16679 | Orc      | Bought a potion of heal wounds for 85 gold pieces
 16972 | Orc      | Bought the +4 plate armour of a Hundred Spirits {rElec
                  | Regen+ Dex+7} for 932 gold pieces
 17023 | D:11     | Found a gate to the Vaults.
 17375 | D:11     | Reached skill level 20 in Axes
 17718 | D:11     | Noticed Sonja
 17737 | D:11     | Killed Sonja
 18170 | D:11     | Identified Sestoniu's Reference Book on Doomed Flames
 18280 | D:12     | Entered Level 12 of the Dungeon
 18396 | D:12     | Found a staircase to the Depths.
 19230 | D:12     | Found a portal to a secret trove of treasure.
 19322 | D:12     | Noticed Erolcha
 19325 | D:12     | Killed Erolcha
 19326 | D:12     | Reached skill level 21 in Axes
 19538 | D:12     | Identified a scroll of acquirement
 19538 | D:12     | Identified the ring of Idipuple {rPois EV+2 Dex+4} (You
                  | acquired it on level 12 of the Dungeon)
 19735 | Spider:1 | Entered Level 1 of the Spider Nest
 19977 | Spider:1 | Found a runed door.
 20478 | Spider:1 | Gained mutation: You have razor-sharp toenails. [demonic
                  | ancestry]
 20478 | Spider:1 | Reached XP level 16. HP: 140/140 MP: 16/16
 20485 | Spider:1 | Reached XP level 17. HP: 147/147 MP: 17/17
 21582 | Spider:2 | Bought a bloodstained battleaxe for 391 gold pieces
 21582 | Spider:2 | Identified the +6 battleaxe of Trog's Reproof {drain, rElec
                  | rN++ MR- Dex+4} (You bought it in a shop on level 2 of the
                  | Spider Nest)
 21606 | Spider:3 | Entered Level 3 of the Spider Nest
 22248 | Spider:3 | Reached skill level 10 in Bows
 22306 | Spider:3 | Reached skill level 10 in Fighting
 22421 | Spider:3 | Got a gossamer rune of Zot
 22781 | Snake:1  | Entered Level 1 of the Snake Pit
 22981 | Snake:1  | Identified the ring "Joimuck" {rN+ Stlth--}
 23013 | Snake:1  | Reached skill level 22 in Axes
 23233 | Snake:1  | Noticed Aizul
 23245 | Snake:1  | Killed Aizul
 23426 | Snake:2  | Found a shattered altar of Ashenzari.
 23492 | Snake:2  | Gained mutation: You are mostly covered in sharp spines.
                  | [demonic ancestry]
 23492 | Snake:2  | Reached XP level 18. HP: 127/163 MP: 18/18
 23946 | Snake:2  | Identified the cursed +0 pair of gloves of Elitism {rN+
                  | rCorr Int+7 Dex-3}
 23946 | Snake:2  | Noticed Nikola
 23963 | Snake:2  | Killed Nikola
 24170 | Snake:2  | Identified the Disquisition on Ensnaring Ignition
 24225 | Snake:2  | Found Cajeamos's Gadget Shop.
 24225 | Snake:2  | Found Cuolutaps's Jewellery Shoppe.
 24226 | Snake:2  | Found Xeum's Gadget Shop.
 24350 | Snake:3  | Entered Level 3 of the Snake Pit
 24522 | Snake:3  | Found Ebet Lil's Jewellery Shop.
 25667 | Snake:3  | Gained mutation: You have claws for feet. [demonic
                  | ancestry]
 25667 | Snake:3  | Reached XP level 19. HP: 146/175 MP: 19/19
 25857 | Snake:3  | Got a serpentine rune of Zot
 26155 | Snake:3  | Reached skill level 23 in Axes
 26511 | Snake:2  | Bought a +5 ring of evasion for 860 gold pieces
 26584 | Lair:2   | Bought gold dragon scales for 3040 gold pieces
 26750 | Elf:1    | Entered Level 1 of the Elven Halls
 26750 | Elf:1    | Found a runed gate.
 26750 | Elf:1    | Found a runed gate.
 26750 | Elf:1    | Found a runed gate.
 26750 | Elf:1    | Found a runed gate.
 26750 | Elf:1    | Found a runed gate.
 26750 | Elf:1    | Found a runed gate.
 26753 | Elf:1    | Found a runed door.
 26875 | Elf:1    | Found Pontunkotuc's Distillery.
 26953 | Elf:1    | Bought a potion of heal wounds for 60 gold pieces
 26953 | Elf:1    | Bought a potion of heal wounds for 60 gold pieces
 27012 | Elf:1    | Found a runed door.
 27097 | Elf:1    | Found a magical portal.
 27106 | WizLab   | Entered Lehudib's Moon Base
 27145 | WizLab   | Found a transporter.
 27150 | WizLab   | Found the +7 lajatang of Order {silver, rMut}
 27200 | WizLab   | HP: 8/177 [crystal wall collision (12)]
 27369 | WizLab   | Reached skill level 10 in Armour
 27411 | WizLab   | Gained mutation: Armour fits poorly on your strangely
                  | shaped body. [a cacodemon]
 27432 | WizLab   | Killed from afar by an eye of devastation

Skill      XL: |  1  2  3  4  5  6  7  8  9 10 11 12 13 14 15 16 17 18 19 |
---------------+----------------------------------------------------------+-----
Axes           | 2 3 4 5 6 7 9 11 12 14 15 17 19 21 22 23 | 23.3
Armour         | 3 4 5 6 7 8 9 10 | 10.0
Dodging        | 1 2 3 |  3.2
Fighting       | 4 5 6 7 8 10 12 13 | 13.0
Stealth        | 1 2 3 |  3.9
Bows           | 2 3 5 7 9 10 12 | 12.5
Maces & Flails | |  0.3
Shields        | |  2.6
Unarmed Combat | |  0.1

Action                   |  1- 3 |  4- 6 |  7- 9 | 10-12 | 13-15 | 16-18 | 19-21 || total
-------------------------+-------+-------+-------+-------+-------+-------+-------++-------
Melee: War axe           |    77 |    80 |    55 |       |       |       |       ||   212
       Unarmed           |       |    15 |       |       |       |       |       ||    15
       Battleaxe         |       |       |   159 |   460 |   684 |   701 |   223 ||  2227
       Headbutt          |       |       |    25 |   103 |   203 |   224 |    66 ||   621
       Kick              |       |       |    30 |    68 |       |       |   119 ||   217
       Morningstar       |       |       |       |     3 |    14 |       |       ||    17
 Fire: Shortbow          |       |       |       |    40 |       |       |       ||    40
       Longbow           |       |       |       |    43 |   168 |   145 |     3 ||   359
Invok: Call Merchant     |       |       |       |     2 |     2 |     3 |       ||     7
 Abil: Evoke Flight      |       |       |       |     1 |       |     1 |       ||     2
Evoke: Wand              |       |       |       |     1 |       |       |       ||     1
  Use: Scroll            |     6 |     1 |    20 |     9 |     8 |     2 |     2 ||    48
       Potion            |       |     2 |     1 |     1 |     3 |       |     6 ||    13
 Stab: Distracted        |       |       |       |     3 |    11 |    10 |     3 ||    27
       Held in net/web   |       |       |       |       |       |     2 |       ||     2
  Eat: Chunk             |     3 |     7 |    14 |       |     1 |       |       ||    25
       Ration            |       |       |     1 |    11 |    12 |     9 |     3 ||    36
Armor: Scale mail        |    45 |    46 |    93 |       |       |       |       ||   184
       Skin              |       |     9 |       |       |       |       |       ||     9
       Plate armour      |       |       |    71 |   414 |   455 |   518 |    69 ||  1527
       Shadow dragon sca |       |       |       |       |    30 |       |       ||    30
Dodge: Dodged            |    54 |    42 |    93 |   128 |   199 |   273 |    76 ||   865
Block: Other             |       |       |       |    55 |   129 |   139 |    32 ||   355
       Reflection        |       |       |       |       |    16 |    17 |    10 ||    43
